 Dungeon Crawl Stone Soup version 0.14-a0-942-gbd853f2 (webtiles) character file.

178327 JacquesDerrida the Severer (level 17, 131/148 HPs)
             Began as a Hill Orc Gladiator on Nov 17, 2013.
             Was the Champion of Beogh.
             Quit the game on Level 1 of the Depths on Nov 19, 2013.
             The game lasted 02:45:55 (38690 turns).

JacquesDerrida the Severer (Hill Orc Gladiator)    Turns: 38690, Time: 02:45:55

HP 131/148       AC 22     Str 21      XL: 17   Next: 80%
MP  27/27        EV 18     Int 12      God: Beogh [******]
Gold 3391        SH  0     Dex 15      Spells:  0 memorised, 22 levels left

Res.Fire  : + . .   See Invis. : .   m - +6,+1 battleaxe (flame)
Res.Cold  : . . .   Warding    : .   c - +3 orc ring mail {rF+}
Life Prot.: . . .   Conserve   : .   (no shield)
Res.Poison: +       Res.Corr.  : +   S - +0 helmet
Res.Elec. : .       Clarity    : .   G - +2 cloak {MR+}
Sust.Abil.: . .     Spirit.Shd : .   V - +2 pair of gloves
Res.Mut.  : .       Stasis     : .   (no boots)
Res.Rott. : .       Flight     : .   h - amulet "Clewkis" {rCorr rPois Acc+6 Stlth-}
Saprovore : + . .                    a - +4 ring of dexterity
                                     v - ring of protection from magic

@: non-regenerating, studying Translocations, diseased, extremely resistant to
hostile enchantments, extremely unstealthy
A: walk on water, saprovore 1
a: Smiting, Recall Orcish Followers, Renounce Religion
}: 1/15 runes: serpentine


You were on level 1 of the Depths.
You worshipped Beogh.
Beogh was exalted by your worship.
You were not hungry.

You visited 5 branches of the dungeon, and saw 34 of its levels.
You also visited: Volcano.

You collected 3531 gold pieces.
You spent 140 gold pieces at shops.

Inventory:

Hand weapons
 m - a +6,+1 battleaxe of flaming (weapon)
 y - the +11,+9 short sword "Sull" {flame, Int+1}
   (You found it on level 2 of the Lair of Beasts)

   It emits flame when wielded, causing extra injury to most foes and up to
   double damage against particularly susceptible opponents.
   Big, fiery blades are also staple armaments of hydra-hunters.
   It affects your intelligence (+1).
 B - a +4 blowgun
 P - the +7,+4 war axe of Equivalence {holy, +Rage +Inv Int+1 Stlth--}
   (You found it on level 7 of the Dungeon)

   It has been blessed by the Shining One to cause great damage to the undead
   and demons.
   It affects your intelligence (+1).
   It lets you turn invisible.
   It lets you go berserk.
   It makes you much less stealthy.
Missiles
 j - 4 steel javelins (quivered)
 n - 4 javelins of penetration
 w - a throwing net
Armour
 c - a +3 orcish ring mail of fire resistance (worn)
 G - a +2 cloak of magic resistance (worn)
 S - a +0 helmet (worn)
 V - a +2 pair of gloves (worn)
Magical devices
 d - a wand of digging (7)
 i - a wand of frost (13)
 o - a wand of draining (4)
 O - a wand of disintegration (11)
Comestibles
 f - 4 meat rations
 g - a pear
 N - 2 rotting chunks of yaktaur flesh
Scrolls
 l - 7 scrolls of teleportation
 q - a scroll of vulnerability
 s - a scroll of amnesia
 u - 4 scrolls of remove curse
 D - 2 scrolls of enchant weapon II
 H - 2 scrolls of fog
 I - 2 scrolls of magic mapping
 J - 3 scrolls of fear
 K - 6 scrolls of identify
 Q - a scroll of enchant weapon III
Jewellery
 a - a +4 ring of dexterity (right hand)
 b - an uncursed amulet of stasis
 h - the amulet "Clewkis" (around neck) {rCorr rPois Acc+6 Stlth-}
   (You found it on level 1 of the Lair of Beasts)

   [amulet of resist corrosion]

   It affects your accuracy (+6).
   It protects you from poison.
   It makes you much less stealthy.
 k - an uncursed amulet of rage
 v - a ring of protection from magic (left hand)
 F - an uncursed ring of see invisible
 L - an uncursed ring of regeneration
 M - an uncursed amulet of conservation
 Z - the ring "Klicyes" {Wiz Dex+2 Int+2 Stlth+}
   (You took it off a naga mage on level 5 of the Snake Pit)

   [ring of wizardry]

   It affects your intelligence (+2).
   It affects your dexterity (+2).
   It makes you much more stealthy.
Potions
 e - a potion of speed
 r - a potion of magic
 t - a potion of berserk rage
 z - 3 potions of heal wounds
 A - 4 potions of curing
 E - a potion of invisibility
 R - 3 potions of resistance
Books
 x - a manual of Translocations
Miscellaneous
 p - a fan of gales
 X - a fan of gales


   Skills:
 - Level 14.5 Fighting
 - Level 20.9 Axes
 + Level 6.2 Throwing
 - Level 17.2 Armour
 - Level 12.3 Dodging
 - Level 3.0 Spellcasting
 - Level 7.1 Invocations


You had 22 spell levels left.
You didn't know any spells.

Dungeon Overview and Level Annotations

Branches:
Dungeon (16/16)            Temple (0/1) D:4             Orc (4/4) D:8
    Elf (0/3) Orc:3          Lair (8/8) D:9          Shoals (0/5) Lair:4
  Snake (5/5) Lair:6        Slime (0/6) Lair:6       Depths (1/6) D:16
 Vaults: Depths:1-3

Altars:
Ashenzari
Elyvilon
Fedhas
Kikubaaqudgha
Makhleb
Okawaru
Sif Muna
Trog
Xom
the Shining One

Shops:
D:4 !   D:6 *   D:10 *   Orc:4 (%/(+   Snake:3 !   Snake:5 %[[

Portals:
Hell: Depths:1

Annotations:
Snake:1 exclusion: orc knight, Roxanne
Snake:5 2 exclusions


Innate Abilities, Weirdness & Mutations

You can walk on water.
You can tolerate rotten meat.


Message History

You see here a very ugly thing corpse.
Some of the chunks of flesh in your inventory have completely rotted away.
Things that are here:
an uncursed orcish dagger; an orc corpse; an ugly thing corpse You offer a prayer to Beogh.
The orc corpse crumbles into the ground.
Beogh is exalted by your worship.
You swap places.
Your orc wizard is no longer moving quickly.
An iron troll comes into view.
The iron troll shouts!
Your orc wizard gestures wildly while chanting.
Your orc wizard seems to speed up.
Your orc wizard casts a spell.
Your orc wizard blinks!
Saving game... please wait.
Welcome back, JacquesDerrida the Hill Orc Gladiator.
Beogh says: Drown the unbelievers in a sea of blood!
Press ? for a list of commands and other information.
Are you sure you want to abandon this character and quit the game? (Confirm with "yes".)

...#.#.##.#.#.#..#.#
.................#.#
#.#.##.##.#...#%##.#
...........#..%...#
#.#.####..#.#.#### #
#..#....# #.....o.#
###.#
#..###.##....T# #..#
#.@...# #.## ####.##
#.. # ###


You could see an iron troll and a friendly orc wizard.

Vanquished Creatures
  Frances (Snake:4)
  Kirke (Snake:3)
  3 greater nagas
  Snorg (Snake:4)
  4 ettins
  2 fire dragons
  Fannar (D:10)
  Harold (Lair:2)
  3 ogre magi
  6 hydras
  A great orb of eyes (Depths:1)
  4 anacondas
  Nessos (D:11)
  8 ravenous item mimics (Snake:4)
  Erica (D:14)
  An ice dragon (Depths:1)
  The ghost of zkyp the Carver, a powerful FoFi of Okawaru (D:8)
  3 death yaks
  3 very ugly things (Depths:1)
  11 naga warriors
  3 centaur warriors
  A giant orange brain (D:16)
  5 sea snakes (Snake:3)
  2 unseen horrors
  An ice devil (Depths:1)
  5 hill giants
  A giant amoeba (D:16)
  An orc knight (Depths:1)
  Joseph (D:8)
  A wolf spider (D:16)
  3 griffons
  6 elephants (Lair:8)
  28 black mambas
  Maurice (D:9)
  A spiny frog (Lair:1)
  4 cyclopes
  A queen ant (Lair:2)
  8 guardian serpents
  Psyche (D:9)
  4 item mimics (Snake:4)
  4 trolls
  A feature mimic (D:12)
  3 fire drakes
  5 yaktaurs (Depths:1)
  22 naga magi
  An iron devil (Depths:1)
  A red devil (Depths:1)
  14 komodo dragons
  A polar bear (shapeshifter) (D:15)
  Prince Ribbit (D:4)
  8 two-headed ogres
  An ettin zombie (Depths:1)
  6 basilisks
  12 blink frogs
  2 vampires
  5 slime creatures
  A trapdoor spider (D:16)
  A fire dragon skeleton (D:14)
  4 wyverns
  4 fire elementals (Snake:4)
  2 flying skulls (Volcano)
  42 yaks
  2 hill giant zombies
  8 vampire mosquitoes
  24 ugly things
  A hell beast (Depths:1)
  An elephant slug (Lair:5)
  Eustachio (D:9)
  A golden eye (shapeshifter) (D:15)
  Grum (D:8)
  14 wolves
  A steam dragon (Lair:8)
  2 sharks (Lair:4)
  2 hungry ghosts
  2 manticores (D:12)
  Edmund (D:4)
  6 soldier ants
  Menkaure (D:6)
  9 hippogriffs
  3 hell hounds
  2 mottled dragons (Lair:8)
  3 black bears
  58 nagas
  5 porcupines
  4 sky beasts
  3 swamp drakes
  2 giant goldfish (Lair:3)
  24 ogres
  7 orc warriors
  A slave (D:4)
  A phantom (D:4)
  5 ice beasts
  2 big kobolds
  Sigmund (D:2)
  Duvessa (D:9)
  4 centaurs
  14 crocodiles
  18 water moccasins
  22 giant frogs
  4 wargs
  2 giant slugs
  6 agate snails
  A giant slug zombie (D:16)
  A cyclops zombie (D:11)
  4 killer bees (D:16)
  A jellyfish (Snake:3)
  3 eyes of draining
  6 wights
  An electric eel (Lair:3)
  A quasit (D:10)
  2 goliath beetles
  2 giant frog zombies
  Dowan (D:9)
  7 crimson imps
  4 jellies
  8 orc priests
  A big fish (Lair:3)
  7 iguanas
  6 scorpions
  Crazy Yiuf (D:6)
  15 hounds
  9 orc wizards
  18 sheep
  A killer bee zombie (D:9)
  19 worker ants
  Ijyb (D:2)
  An ogre zombie (D:6)
  A sky beast zombie (D:12)
  3 boggarts (D:16)
  2 mummies
  A worker ant zombie (D:9)
  4 gnolls
  A lemure (D:13)
  35 adders
  3 giant centipedes
  A giant mite (D:9)
  26 green rats
  5 worms
  5 giant eyeballs
  12 giant geckos
  38 orcs
  7 giant cockroaches
  16 hobgoblins
  23 jackals
  11 quokkas
  4 ball pythons
  23 bats
  A giant gecko skeleton (D:7)
  4 giant newts
  4 giant spores
  7 goblins
  A goblin skeleton (D:4)
  A hobgoblin skeleton (D:7)
  A jackal zombie (D:5)
  30 kobolds
  An orc skeleton (D:10)
  22 rats
  A spectral orc (Snake:1)
  13 ballistomycetes
  6 fungi
  9 plants
988 creatures vanquished.

Vanquished Creatures (collateral kills)
  An azure jelly (Lair:6)
  Wiglaf (Snake:3)
  The ghost of nubinia the Thaumaturge, a mighty FoVM of Sif Muna (Snake:2)
  A greater naga (Snake:5)
  Azrael (Snake:4)
  A salamander (Snake:1)
  A yaktaur captain (Depths:1)
  An orc knight (Snake:2)
  2 ogre magi (Orc:4)
  The ghost of Somebody the Reanimator, a powerful DENe of Kikubaaqudgha (Lair:8)
  5 ravenous item mimics (Snake:4)
  A hydra (Lair:7)
  2 anacondas (Snake:3)
  5 death yaks
  12 naga warriors
  A rakshasa (D:16)
  A soul eater (Snake:4)
  5 sea snakes (Snake:3)
  A hill giant (D:15)
  A lindwurm (Snake:2)
  A harpy (shapeshifter) (D:13)
  A wizard (D:15)
  2 oklob plants (Lair:6)
  A cyclops (D:14)
  3 spiny frogs
  6 elephants (Lair:8)
  23 black mambas
  3 item mimics (Snake:4)
  14 naga magi
  2 yaktaurs (Depths:1)
  3 fire drakes (Lair:8)
  A komodo dragon (Lair:8)
  A troll (Orc:4)
  7 two-headed ogres
  2 slime creatures (D:16)
  4 blink frogs
  A basilisk (Snake:3)
  A hill giant zombie (D:14)
  10 ugly things
  A vampire (Volcano)
  2 wyverns
  12 yaks
  2 vampire mosquitoes (D:15)
  A manticore (D:15)
  14 wolves
  2 hippogriffs (Lair:5)
  A porcupine (Lair:5)
  2 ice beasts (D:15)
  2 orc warriors
  40 nagas
  6 crocodiles
  13 ogres
  2 wargs (Lair:8)
  3 giant slugs (Lair:7)
  3 big kobolds
  3 giant frogs
  10 water moccasins
  7 agate snails
  2 killer bees (D:16)
  A rock worm zombie (D:15)
  3 jellyfish (Snake:3)
  An electric eel (Snake:3)
  A goliath beetle (D:13)
  7 hounds
  A yaktaur simulacrum (D:14)
  2 orc priests
  3 orc wizards
  2 worker ants
  2 sheep (Lair:6)
  2 mummies
  9 green rats (Lair:5)
  A giant centipede (D:16)
  5 adders
  20 orcs
  A hobgoblin (Orc:3)
  8 jackals
  5 goblins
  4 kobolds
  2 rats
  2 spectral orcs
  A fungus (Lair:8)
  8 plants
350 creatures vanquished.

Vanquished Creatures (others)
  Urug (Snake:5)
  Nergalle (Snake:3)
  2 orc sorcerers
  9 orc warriors
  6 orc knights
  A two-headed ogre (Orc:4)
  A black mamba zombie (Snake:5)
  An air elemental (Snake:4)
  A black mamba skeleton (Snake:5)
  Blork the orc (D:14)
  13 orc priests
  11 orc wizards
  A water moccasin zombie (Snake:4)
  10 spectral orcs
  14 naga zombies
  A naga skeleton (Snake:5)
  3 humans (Snake:3)
  A worm (D:4)
  A giant gecko (D:8)
  69 orcs
  A jackal (D:4)
  A kobold (D:4)
  A quokka (D:8)
  A giant spore (D:9)
  2 goblins (D:4)
  A jackal skeleton (D:4)
  An orc skeleton (Orc:4)
  4 fungi
  11 plants
171 creatures vanquished.

Grand Total: 1509 creatures vanquished

Notes
Turn   | Place    | Note
--------------------------------------------------------------
     0 | D:1      | JacquesDerrida, the Hill Orc Gladiator, began the quest for the Orb.
     0 | D:1      | Reached XP level 1. HP: 18/18 MP: 0/0
    48 | D:1      | Reached XP level 2. HP: 22/25 MP: 1/1
   219 | D:1      | Reached skill level 1 in Armour
   379 | D:1      | Reached skill level 5 in Axes
   442 | D:1      | Reached XP level 3. HP: 30/30 MP: 2/2
   699 | D:2      | Gained mutation: You have a fast metabolism. [potion of mutation]
   699 | D:2      | Lost mutation: You have a fast metabolism. [potion of mutation]
   699 | D:2      | Gained mutation: Your magical capacity is low (-10% MP). [potion of mutation]
  1195 | D:2      | Reached XP level 4. HP: 38/38 MP: 2/2
  1202 | D:2      | Reached skill level 6 in Axes
  1573 | D:2      | Found a burning altar of Makhleb.
  1573 | D:2      | Noticed a balrug
  1586 | D:2      | Noticed a ynoxinul
  1586 | D:2      | Noticed a smoke demon
  1640 | D:2      | Noticed Sigmund
  1651 | D:2      | Killed Sigmund
  1651 | D:2      | Reached skill level 7 in Axes
  1651 | D:2      | Reached XP level 5. HP: 44/44 MP: 3/3
  1690 | D:2      | Noticed Ijyb
  1711 | D:2      | Killed Ijyb
  1917 | D:3      | Found a shattered altar of Ashenzari.
  2107 | D:4      | Reached skill level 8 in Axes
  2107 | D:4      | Reached XP level 6. HP: 50/50 MP: 4/4
  2149 | D:4      | Found a staircase to the Ecumenical Temple.
  2150 | D:4      | Noticed Pikel
  2150 | D:4      | Noticed a slave
  2150 | D:4      | Noticed a slave
  2151 | D:4      | Noticed Pikel
  2151 | D:4      | Pikel changed into Pikel the worm
  2152 | D:4      | Noticed a slave
  2153 | D:4      | Noticed a slave
  2171 | D:4      | Paralysed by a potion of paralysis for 5 turns
  2190 | D:4      | Killed a slave
  2247 | D:4      | Killed Pikel the worm
  2474 | D:4      | Found Etesipt's Distillery.
  2480 | D:4      | Bought 2 potions of heal wounds for 78 gold pieces
  2481 | D:4      | Bought a potion of curing for 26 gold pieces
  2590 | D:4      | Noticed a phantom
  2617 | D:4      | Killed a phantom
  2617 | D:4      | Reached skill level 9 in Axes
  2932 | D:5      | Entered Level 5 of the Dungeon
  2932 | D:5      | Noticed Edmund
  2932 | D:5      | Noticed Prince Ribbit
  2957 | D:4      | Killed Prince Ribbit
  2957 | D:4      | Reached skill level 10 in Axes
  2957 | D:4      | Reached XP level 7. HP: 41/57 MP: 5/5
  3118 | D:4      | Killed Edmund
  3118 | D:4      | Reached skill level 11 in Axes
  3261 | D:5      | Reached XP level 8. HP: 59/63 MP: 6/6
  3507 | D:5      | Paralysed by a giant eyeball for 2 turns
  3517 | D:5      | Paralysed by a giant eyeball for 3 turns
  3597 | D:5      | Found a white marble altar of Elyvilon.
  3598 | D:5      | Found an ancient bone altar of Kikubaaqudgha.
  3600 | D:5      | Found a deep blue altar of Sif Muna.
  3601 | D:5      | Found a bloodstained altar of Trog.
  3602 | D:5      | Found an iron altar of Okawaru.
  3748 | D:5      | Reached skill level 12 in Axes
  3910 | D:6      | Got a brightly glowing long sword
  3911 | D:6      | Identified the cursed +3,-2 long sword "Utueca" {freeze, +Rage} (You found it on level 6 of the Dungeon)
  4407 | D:6      | Noticed Menkaure
  4410 | D:6      | Killed Menkaure
  4424 | D:6      | Found Cuemei's General Store.
  4435 | D:6      | Reached skill level 5 in Armour
  4462 | D:6      | Bought a potion of heal wounds for 36 gold pieces
  4674 | D:6      | Reached XP level 9. HP: 47/71 MP: 7/7
  4748 | D:6      | Noticed Crazy Yiuf
  4762 | D:6      | Killed Crazy Yiuf
  4838 | D:6      | Reached skill level 5 in Fighting
  5310 | D:7      | Got a brightly glowing war axe
  5311 | D:7      | Identified the +7,+4 war axe of Equivalence {holy, +Rage +Inv Int+1 Stlth--} (You found it on level 7 of the Dungeon)
  5311 | D:7      | Identified the +7,+4 war axe of Equivalence {holy, +Rage +Inv Int+1 Stlth--} (You found it on level 7 of the Dungeon)
  5843 | D:8      | Became a worshipper of Beogh the Brigand
  5913 | D:8      | Noticed Grum
  5926 | D:8      | Killed Grum
  6171 | D:8      | Noticed Joseph
  6172 | D:8      | Noticed zkyp's ghost (powerful FoFi)
  6184 | D:8      | Killed zkyp's ghost
  6184 | D:8      | Reached XP level 10. HP: 74/82 MP: 8/8
  6196 | D:8      | Killed Joseph
  6292 | D:8      | Found a glowing golden altar of the Shining One.
  6348 | D:8      | Found a bloodstained altar of Trog.
  6494 | D:8      | Found a staircase to the Orcish Mines.
  6563 | D:9      | Noticed Eustachio
  6572 | D:9      | Reached skill level 13 in Axes
  6575 | D:9      | Killed Eustachio
  6652 | D:9      | Noticed Maurice
  6669 | D:9      | Killed Maurice
  6694 | D:9      | Found a staircase to the Lair.
  6750 | D:9      | Noticed Dowan
  6762 | D:9      | Killed Dowan
  6773 | D:9      | Got a jewelled long sword
  6774 | D:9      | Identified the +0,+6 long sword "Buacu" {antimagic, Dex+2} (You found it on level 9 of the Dungeon)
  6781 | D:9      | Noticed Duvessa
  6788 | D:9      | Killed Duvessa
  6796 | D:9      | Acquired Beogh's first power
  6796 | D:9      | Reached skill level 14 in Axes
  7008 | D:9      | Reached skill level 10 in Armour
  7017 | D:9      | Noticed Psyche
  7026 | D:9      | Killed Psyche
  7040 | D:9      | Found a blossoming altar of Fedhas.
  7457 | D:9      | Paralysed by a giant eyeball for 3 turns
  7464 | D:9      | Paralysed by a giant eyeball for 4 turns
  8036 | D:10     | Entered Level 10 of the Dungeon
  8108 | D:10     | Noticed a hill giant
  8143 | D:10     | Killed a hill giant
  8143 | D:10     | Reached XP level 11. HP: 89/89 MP: 9/9
  8307 | D:10     | Noticed Fannar
  8350 | D:9      | Reached skill level 5 in Dodging
  8351 | D:9      | Acquired Beogh's second power
  8511 | D:10     | Found Wiazine's General Store.
  8578 | D:10     | Killed Fannar
  9303 | D:10     | Gained mutation: You can spit poison. [potion of beneficial mutation]
  9512 | D:11     | Noticed a hill giant
  9531 | D:11     | Acquired Beogh's third power
  9756 | D:11     | Reached skill level 1 in Invocations
  9977 | D:11     | Killed a hill giant
 10067 | D:11     | Noticed Nessos
 10108 | D:11     | Reached skill level 5 in Invocations
 10118 | D:11     | Killed Nessos
 10118 | D:11     | Reached XP level 12. HP: 54/101 MP: 5/18
 10901 | D:12     | Reached skill level 1 in Spellcasting
 11173 | D:12     | Reached skill level 10 in Fighting
 11599 | D:13     | Noticed Urug
 12103 | D:9      | Reached skill level 15 in Axes
 12136 | Lair:1   | Entered Level 1 of the Lair of Beasts
 12211 | Lair:1   | Acquired Beogh's fourth power
 12855 | Lair:1   | Got a vibrating sapphire amulet
 12856 | Lair:1   | Identified the amulet "Clewkis" {rCorr rPois Acc+6 Stlth-} (You found it on level 1 of the Lair of Beasts)
 12875 | Lair:1   | Acquired Beogh's fifth power
 13049 | Lair:2   | Noticed Harold
 13081 | Lair:2   | Killed Harold
 13221 | Lair:2   | Noticed a four-headed hydra
 13545 | Lair:2   | Got a polished short sword
 13623 | Lair:2   | Reached XP level 13. HP: 58/108 MP: 20/20
 13652 | Lair:2   | Identified the +11,+9 short sword "Sull" {flame, Int+1} (You found it on level 2 of the Lair of Beasts)
 13652 | Lair:2   | Identified the +11,+9 short sword "Sull" {flame, Int+1} (You found it on level 2 of the Lair of Beasts)
 13817 | Lair:2   | Killed a hydra
 16090 | Lair:4   | Found a staircase to the Shoals.
 16560 | Lair:5   | Found a shimmering altar of Xom.
 17316 | Lair:6   | Gained Hawl as an ally
 17675 | Lair:6   | Found a staircase to the Snake Pit.
 17783 | Lair:6   | Found a staircase to the Slime Pits.
 17894 | Lair:6   | Noticed an azure jelly
 17908 | Lair:6   | Killed an azure jelly
 18106 | Lair:7   | Gained Koronagh as an ally
 18106 | Lair:7   | Reached XP level 14. HP: 104/117 MP: 21/21
 18151 | Lair:7   | Got a smoking scale mail
 18152 | Lair:7   | Identified the cursed -5 scale mail of Shrog {Str+4 Dam+3} (You found it on level 7 of the Lair of Beasts)
 18345 | Lair:7   | Found a glowing golden altar of the Shining One.
 18424 | Lair:7   | Reached skill level 16 in Axes
 18741 | Lair:8   | Entered Level 8 of the Lair of Beasts
 19177 | Lair:8   | Noticed Somebody's ghost (powerful DENe)
 19182 | Lair:8   | Killed Somebody's ghost
 19540 | Lair:8   | Reached skill level 17 in Axes
 20110 | Lair:8   | Gained Wardok as an ally
 20500 | Orc:1    | Entered Level 1 of the Orcish Mines
 20764 | Orc:1    | Noticed Blork the orc
 21112 | Orc:3    | Found a staircase to the Elven Halls.
 21197 | Orc:4    | Entered Level 4 of the Orcish Mines
 21350 | Orc:4    | Found Adam's Antique Weapon Shoppe.
 21403 | Orc:4    | Found Priheid's Food Shoppe.
 21403 | Orc:4    | Found Klurut's Antique Weapon Boutique.
 21403 | Orc:4    | Found Bups' Magical Wand Boutique.
 21404 | Orc:4    | Found Omuemamo's Book Emporium.
 21416 | Orc:4    | Gained Bogdar as an ally
 21424 | Orc:4    | Gained Berold as an ally
 21425 | Orc:4    | Gained Orik as an ally
 21433 | Orc:4    | Reached XP level 15. HP: 80/129 MP: 22/22
 21435 | Orc:4    | Gained Bogrim as an ally
 21437 | Orc:4    | Reached skill level 18 in Axes
 21563 | Orc:4    | Found a dark tunnel.
 21621 | Volcano  | Entered a volcano
 22474 | D:14     | Blork the orc (ally) was killed
 22474 | D:14     | Your ally died
 22565 | D:14     | Gained Arkwar as an ally
 22671 | D:14     | Noticed Erica
 22680 | D:14     | Killed Erica
 22927 | D:15     | Entered Level 15 of the Dungeon
 22939 | D:15     | Gained Nordag as an ally
 23369 | D:15     | Gained Worak as an ally
 24085 | Lair:8   | JacquesDerrida: NOPE
 24085 | Lair:8   | JacquesDerrida: HOLA AMIGO
 24088 | Lair:8   | NOPE: NOPE
 24453 | Lair:6   | Upgraded the game from 0.14-a0-882-gdff4d47 to 0.14-a0-942-gbd853f2
 24825 | D:15     | Reached skill level 19 in Axes
 25268 | D:16     | Entered Level 16 of the Dungeon
 25492 | D:16     | Found a gate to the Depths.
 25677 | D:16     | Lost mutation: Your magical capacity is low (-10% MP). [potion of cure mutation]
 25677 | D:16     | Lost mutation: You can spit poison. [potion of cure mutation]
 26481 | Snake:1  | Entered Level 1 of the Snake Pit
 26548 | Snake:1  | Noticed Roxanne
 26661 | Snake:1  | Noticed Nergalle
 26990 | Snake:1  | Reached skill level 20 in Axes
 27985 | Snake:2  | Noticed nubinia's ghost (mighty FoVM)
 27991 | Snake:2  | Killed nubinia's ghost
 27995 | Snake:2  | Your ally Wardok died
 28291 | Snake:2  | Your ally orc warrior died
 28497 | Snake:2  | Reached XP level 16. HP: 107/141 MP: 26/26
 28696 | Snake:2  | Gained Wargath as an ally
 29372 | Snake:3  | Noticed Wiglaf
 29386 | Snake:3  | Your ally orc warrior died
 29388 | Snake:3  | Killed Wiglaf
 29434 | Snake:3  | Your ally orc warlord died
 29434 | Snake:3  | Your ally orc knight died
 29434 | Snake:3  | Your ally orc warrior died
 30095 | Snake:3  | Noticed Kirke
 30110 | Snake:3  | Killed Kirke
 30113 | Snake:3  | Your ally orc warrior died
 30114 | Snake:3  | Your ally orc warrior died
 30138 | Snake:3  | Nergalle (ally) was killed
 30138 | Snake:3  | Your ally died
 30474 | Snake:3  | Reached skill level 15 in Armour
 30484 | Snake:3  | Reached skill level 10 in Dodging
 31066 | Snake:3  | Found Shroiw's Distillery.
 31855 | Snake:4  | Noticed Azrael
 31875 | Snake:4  | Killed Azrael
 32065 | Snake:4  | Gained Warrok as an ally
 32429 | Snake:4  | Noticed Frances
 32436 | Snake:4  | Noticed Snorg
 32439 | Snake:4  | Your ally Warrok died
 32451 | Snake:4  | Killed Snorg
 32461 | Snake:4  | Killed Frances
 33114 | Snake:4  | Reached XP level 17. HP: 97/148 MP: 27/27
 34269 | Snake:5  | Entered Level 5 of the Snake Pit
 34318 | Snake:5  | Found Fyakhoy's Antique Armour Shoppe.
 34329 | Snake:5  | Found Ujuohiti's Food Emporium.
 34462 | Snake:5  | Found Kliasaby's Armour Boutique.
 34529 | Snake:5  | Got a faintly glowing hand axe
 34531 | Snake:5  | Identified the +2,+7 hand axe "Shroram" {vamp, rPois MR++ Dex+3} (You found it on level 5 of the Snake Pit)
 35144 | Snake:5  | Your ally Hawl died
 35147 | Snake:5  | Your ally Worak died
 35380 | Snake:5  | Your ally Wargath died
 35381 | Snake:5  | Gained Boderik as an ally
 35382 | Snake:5  | Your ally Orik died
 35387 | Snake:5  | Your ally Nordag died
 35390 | Snake:5  | Your ally Berold died
 35391 | Snake:5  | Your ally Bogdar died
 35392 | Snake:5  | Your ally Arkwar died
 35393 | Snake:5  | Your ally Boderik died
 35398 | Snake:5  | Urug (ally) was killed
 35398 | Snake:5  | Your ally died
 36451 | Snake:5  | Got a serpentine rune of Zot
 36479 | Snake:5  | Got a glittering silver ring
 36969 | Lair:1   | Identified the ring "Klicyes" {Wiz Dex+2 Int+2 Stlth+} (You took it off a naga mage on level 5 of the Snake Pit)
 37246 | Depths:1 | Entered Level 1 of the Depths
 37516 | Depths:1 | Found a gateway to Hell.
 38300 | Depths:1 | Reached skill level 5 in Throwing
 38630 | Depths:1 | Paralysed by a giant eyeball for 2 turns
 38690 | Depths:1 | Quit the game

Action                   |  1- 3 |  4- 6 |  7- 9 | 10-12 | 13-15 | 16-18 || total
-------------------------+-------+-------+-------+-------+-------+-------++-------
Melee: Hand axe          |   126 |   256 |   250 |       |       |       ||   632
       War axe           |       |       |    82 |   902 |   896 |    35 ||  1915
       Short sword       |       |       |       |       |    39 |     7 ||    46
       Battleaxe         |       |       |       |       |   451 |   716 ||  1167
 Fire: Blowgun           |       |     3 |     8 |    19 |    17 |       ||    47
Throw: Throwing net      |       |       |     1 |     1 |     3 |       ||     5
       Javelin           |       |       |     4 |    14 |    66 |     1 ||    85
Invok: Convert to Beogh  |       |       |     1 |       |       |       ||     1
       Smiting           |       |       |       |     5 |       |       ||     5
       Recall Orcish Fol |       |       |       |       |    10 |    10 ||    20
       Stop Recall       |       |       |       |       |     5 |     7 ||    12
 Abil: Evoke Berserk Rag |     1 |     2 |     7 |    18 |     4 |       ||    32
Evoke: Wand              |       |     1 |     9 |    14 |    10 |    10 ||    44
       fan of gales      |       |       |       |     1 |       |     2 ||     3
  Use: Potion            |     2 |     2 |     1 |    13 |    14 |     9 ||    41
       Scroll            |       |       |     1 |    22 |    21 |     7 ||    51
 Stab: Held in net/web   |       |       |     1 |     2 |     1 |       ||     4
       Paralysed         |       |       |     2 |     2 |       |     2 ||     6
       Invisible         |       |       |       |     2 |       |       ||     2
       Distracted        |       |       |       |       |    23 |    10 ||    33
       Fleeing           |       |       |       |       |     1 |       ||     1
